 Dungeon Crawl Stone Soup version 0.16.1-11-g651b585 (webtiles) character file.

212 xsansara the Grave Robber (level 5, -1/37 HPs)
             Began as a Demonspawn Wanderer on Apr 3, 2015.
             Slain by an iron imp (10 damage)
             ... on level 3 of the Dungeon.
             The game lasted 00:17:58 (3700 turns).

xsansara the Grave Robber (Demonspawn Wanderer)     Turns: 3700, Time: 00:17:58

Health: -1/37      AC:  2    Str: 13    XL:     5   Next: 58%
Magic:  7/7        EV: 11    Int: 15    God:
Gold:   136        SH:  0    Dex: 11    Spells: 2 memorised, 2 levels left

rFire  . . .     SeeInvis .     j - +0 spear (venom)
rCold  + . .     Clarity  .     s - +0 robe
rNeg   . . .     SustAb   .     (no shield)
rPois  .         Gourm    .     (no helmet)
rElec  .         Spirit   .     u - +0 cloak
rCorr  .         Warding  .     (no gloves)
rMut   .         Stasis   +     t - +0 pair of boots
MR     .....                    p - amulet of stasis
Stlth  +.........               h - -2 ring of protection (curse)
                                e - ring of protection from cold

@: not resistant to hostile enchantments, very unstealthy
A: demonic guardian 1, foul stench 1, rot immunity
a: no special abilities


You were on level 3 of the Dungeon.
You were not hungry.

You visited 1 branch of the dungeon, and saw 3 of its levels.

You collected 136 gold pieces.

Inventory:

Hand weapons
 a - a +2 dagger
 j - a +0 spear of venom (weapon)
Missiles
 g - 33 poisoned needles
 k - 15 tomahawks (quivered)
Armour
 c - a +0 ring mail
 s - a +0 robe (worn)
 t - a +0 pair of boots (worn)
 u - a +0 cloak (worn)
Jewellery
 e - a ring of protection from cold (left hand)
 h - a cursed -2 ring of protection (right hand)
 p - an amulet of stasis (around neck)
Scrolls
 b - 3 scrolls of fear
 l - a scroll of magic mapping {unknown}
 n - a scroll of enchant armour {unknown}
 q - a scroll of identify {unknown}
 r - 3 scrolls of teleportation
 w - a scroll of random uselessness {unknown}
 y - a scroll of immolation {unknown}
Potions
 i - a potion of might {unknown}
 o - 3 potions of brilliance {unknown}
 v - 2 potions of haste {unknown}
 x - a potion of agility {unknown}
Books
 d - the Almanac of Black Magic

   Spells                             Type                      Level
   a - Pain                           Necromancy                   1
   b - Regeneration                   Charms/Necromancy            3
Comestibles
 f - a bread ration
 m - 2 meat rations
 z - a chunk of flesh


   Skills:
 - Level 1.0 Fighting
   Level 1.7 Axes
 - Level 1.7 Armour
 - Level 1.0 Stealth
 - Level 1.0 Spellcasting
 + Level 6.5 Necromancy
   Level 1.0 Evocations


You had 2 spell levels left.
You knew the following spells:

 Your Spells              Type           Power        Failure   Level  Hunger
a - Pain                  Necr           ###.         1%          1    ##.....
b - Regeneration          Chrm/Necr      ##........   21%         3    ####...


Dungeon Overview and Level Annotations

Branches:
Dungeon (3/15)

Altars:
Makhleb


Innate Abilities, Weirdness & Mutations

A weak demonic guardian rushes to your aid.
You emit a foul stench.
You are immune to rotting.


Message History

The iron imp is heavily wounded.
Your white imp hits the iron imp but does no damage.
You hit the iron imp but do no damage.
The iron imp is heavily wounded.
Your white imp disappears in a puff of smoke!
The iron imp hits you.
You barely miss the iron imp.
The iron imp is heavily wounded.
The iron imp hits you!
You emit a cloud of foul miasma!
You barely miss the iron imp.
The iron imp is heavily wounded.
The iron imp hits you.
You closely miss the iron imp.
The iron imp is heavily wounded.
The iron imp hits you.
* * * LOW HITPOINT WARNING * * *
You hit the iron imp but do no damage.
The iron imp is heavily wounded.
The iron imp hits you!
You die...

#######'### ###.......#
....##....# .....#....#
.....'....+ .(...#....##
.............
.........###############
###......#......@5.....#
........##.≈≈.......§≈.#
........##.≈≈..._...§§§#
...##'#+##.≈≈......§§§.#
...##....#..≈≈.....≈§§.#
...+.....#...≈≈≈.≈§§§..#
...###...#....§≈8≈≈....#
.....?...#......≈......####
#+#......#.............#..#


You could see an iron imp.

Vanquished Creatures
  An iguana (D:3)
  2 iron imps (D:3)
  An orc wizard (D:3)
  Terence (D:3)
  4 adders
  2 giant mites (D:2)
  2 giant geckos (D:2)
  An ooze (D:3)
  2 ball pythons (D:1)
  6 giant cockroaches
  6 goblins
  6 hobgoblins
  4 jackals
  5 kobolds
  A quokka (D:3)
  8 bats
  6 rats
58 creatures vanquished.

Vanquished Creatures (collateral kills)
  A bat (D:3)
  A rat (D:3)
2 creatures vanquished.

Vanquished Creatures (others)
  A crimson imp (D:3)
  A quasit (D:3)
  An iron imp (D:3)
3 creatures vanquished.

Grand Total: 63 creatures vanquished

Notes
Turn   | Place    | Note
--------------------------------------------------------------
     0 | D:1      | xsansara, the Demonspawn Wanderer, began the quest for the Orb.
     0 | D:1      | xsansara set off with: a +2 dagger, a scroll of fear, a +0 ring mail, the Almanac of Black Magic, a bread ration
     0 | D:1      | Reached XP level 1. HP: 15/15 MP: 2/2
     0 | D:1      | Identified the Almanac of Black Magic
     2 | D:1      | Learned a level 1 spell: Pain
   445 | D:1      | Reached skill level 3 in Necromancy
   445 | D:1      | Gained mutation: You are immune to rotting. [demonic ancestry]
   445 | D:1      | Reached XP level 2. HP: 19/21 MP: 0/3
   984 | D:2      | Reached skill level 4 in Necromancy
   984 | D:2      | Gained mutation: You emit a foul stench. [demonic ancestry]
   984 | D:2      | Reached XP level 3. HP: 22/26 MP: 0/4
  1005 | D:2      | Learned a level 3 spell: Regeneration
  1729 | D:2      | Gained mutation: A weak demonic guardian rushes to your aid. [demonic ancestry]
  1729 | D:2      | Reached XP level 4. HP: 11/32 MP: 1/5
  2194 | D:3      | Noticed Terence
  2201 | D:3      | Reached skill level 5 in Necromancy
  2209 | D:3      | Killed Terence
  2882 | D:3      | Reached XP level 5. HP: 34/37 MP: 2/7
  2999 | D:3      | Found a burning altar of Makhleb.
  3064 | D:3      | Reached skill level 6 in Necromancy
  3700 | D:3      | Slain by an iron imp

Action                   |  1- 3 |  4- 6 || total
-------------------------+-------+-------++-------
Melee: Spear             |    37 |    61 ||    98
       Dagger            |     3 |       ||     3
 Cast: Pain              |    47 |    43 ||    90
       Regeneration      |     2 |     3 ||     5
  Use: Scroll            |     3 |       ||     3
  Eat: Chunk             |     2 |     6 ||     8
       Fruit             |     1 |       ||     1
       Pizza             |     1 |       ||     1
       Bread ration      |       |     1 ||     1
